 Dungeon Crawl Stone Soup version 0.24.0-13-gcf9b319 (webtiles) character file.

Game seed: 7057255604519002532, levelgen mode: deterministic

406 Bronimir the Poker (level 6, -1/50 HPs)
             Began as a Centaur Warper on Mar 27, 2020.
             Slain by a worker ant (5 damage)
             ... on level 4 of the Dungeon.
             The game lasted 00:10:25 (6088 turns).

Bronimir the Poker (Centaur Warper)                 Turns: 6088, Time: 00:10:26

Health: -1/50      AC:  7    Str: 15    XL:     6   Next: 56%
Magic:  6/8        EV:  9    Int: 12    God:
Gold:   204        SH:  0    Dex:  9    Spells: 1/8 levels left

rFire    . . .     SeeInvis .   u - -1 hand axe (curse)
rCold    . . .     Gourm    .   (no shield)
rNeg     . . .     Faith    .   g - +0 ring mail
rPois    .         Spirit   .   (no helmet)
rElec    .         Reflect  .   e - +0 cloak
rCorr    .         Harm     .   (no gloves)
MR       .....                  (no barding)
Stlth    ..........             (no amulet)
HPRegen  0.16/turn              m - ring of attention (curse)
MPRegen  0.11/turn              (no ring)

@: very quick
A: large, hooves 3, deformed body, speed 2, tough skin 3
a: no special abilities


You were on level 4 of the Dungeon.
You were not hungry.

You visited 1 branch of the dungeon, and saw 4 of its levels.

You collected 204 gold pieces.

Inventory:

Hand Weapons
 a - a +0 halberd
 b - a +0 hunting sling
 r - a +0 spear
 u - a cursed -1 hand axe (weapon)
Missiles
 c - 236 stones
 j - 142 arrows
 p - 18 sling bullets
 v - 8 boomerangs (quivered)
Armour
 e - a +0 cloak (worn)
 g - a +0 ring mail (worn)
 n - a +0 leather armour
 s - a +0 shield
Jewellery
 m - a cursed ring of attention (left hand)
Scrolls
 d - 2 scrolls of blinking
 h - a scroll of amnesia
 k - a scroll of teleportation
 l - 3 scrolls of magic mapping
 o - 2 scrolls of identify
Potions
 i - a potion of haste {unknown}
 q - 3 potions of curing
 t - 2 potions of flight {unknown}
Comestibles
 f - 9 rations
 w - 6 chunks of flesh


   Skills:
 + Level 2.7 Fighting
 + Level 1.3(2.6) Axes
 * Level 3.4(3.6) Polearms
 + Level 2.0(2.3) Slings
 + Level 1.3(2.0) Throwing
 * Level 2.5 Armour
 + Level 1.8 Dodging
 + Level 1.9 Spellcasting
 * Level 3.3 Translocations


You had one spell level left.
You knew the following spells:

 Your Spells              Type           Power        Failure   Level  Hunger
a - Blink                 Tloc           N/A          21%         2    ###....
b - Shroud of Golubria    Chrm/Tloc      #.....       36%         2    ###....
c - Teleport Other        Tloc           #.......     36%         3    ####...

Your spell library contained the following spells:

 Spells                   Type           Power        Failure   Level  Hunger
 Gell's Gravitas          Tloc           #.........   36%         3    ####...
 Lesser Beckoning         Tloc           #.........   36%         3    ####...
 Passage of Golubria      Tloc           N/A          78%         4    #####..


Dungeon Overview and Level Annotations

Branches:
Dungeon (4/15)
 Temple: D:4-7

Altars:
Makhleb

Annotations:
D:3 Ijyb


Innate Abilities, Weirdness & Mutations

You have hooves in place of feet.
Armour fits poorly on your strangely shaped body.
You cover ground very quickly.
You have extremely tough skin. (AC +3)


Message History

Throwing (i - inventory. (/) - cycle)
v - 8 boomerangs (quivered)
Press: ? - help, Shift-Dir - straight line, f/p - hound
Aim: a hound (heavily wounded)
You throw a boomerang. The boomerang closely misses the hound.
The hound bites you but does no damage. The hound barely misses you.
Throwing (i - inventory. (/) - cycle)
v - 8 boomerangs (quivered)
Press: ? - help, Shift-Dir - straight line, f/p - hound
Aim: a hound (heavily wounded)
You throw a boomerang. The boomerang barely misses the hound.
The hound misses you. The hound bites you.
* * * LOW HITPOINT WARNING * * *
The worker ant twitches its antennae in your direction.
There is a stone staircase leading up here.
Cast which spell? (? or * to list)
You blink.
The hound bites you.
* * * LOW HITPOINT WARNING * * *
The hound closely misses you.
The hound pauses to sniff the ground.
The worker ant bites you.
You die...

######.### #.##...a.#....#
#...##.# ####a##.#..#..#..#
#..รท...# #....r.<#.#..#..# #
#...#### #.##.####...#...# ..
#...# #.##.......#..#.#.##
#...# ..#######..........
#...# ######.## ###5#......
#...# #.......########...##..
#...######.#....@........##.#
.........#.....ah##......# .#
....................[....# #
.........#.##.##.##..>...#
#...######.##.##<##......#
#...# #..........###### #...#
#######.#### #...# #... #...#
#####


You could see a hound and a worker ant.

Vanquished Creatures
  A howler monkey (D:4)
  3 orc wizards (D:4)
  Natasha (thrice) (D:3)
  2 worker ants (D:4)
  5 gnolls
  3 adders (D:3)
  An ooze (D:3)
  2 worms
  2 dart slugs (D:2)
  3 leopard geckos
  6 orcs
  5 giant cockroaches
  4 goblins
  10 hobgoblins
  6 jackals
  7 kobolds
  A quokka (D:4)
  A ball python (D:4)
  7 bats
  A frilled lizard (D:1)
  7 rats
80 creatures vanquished.

Notes
Turn   | Place    | Note
-------+----------+-------------------------------------------
     0 | D:1      | Bronimir the Centaur Warper began the quest for the Orb.
     0 | D:1      | Reached XP level 1. HP: 17/17 MP: 3/3
   215 | D:1      | Reached XP level 2. HP: 14/24 MP: 4/4
   682 | D:1      | Reached XP level 3. HP: 23/29 MP: 5/5
   694 | D:1      | Learned a level 2 spell: Blink
   697 | D:1      | Learned a level 2 spell: Shroud of Golubria
  1480 | D:1      | Reached skill level 1 in Armour
  1762 | D:1      | Reached skill level 1 in Slings
  1762 | D:1      | Reached XP level 4. HP: 7/37 MP: 6/6
  2873 | D:2      | Found a burning altar of Makhleb.
  3028 | D:3      | Noticed an ogre
  3770 | D:3      | Noticed Ijyb
  4344 | D:3      | Reached XP level 5. HP: 28/42 MP: 7/7
  4517 | D:3      | Learned a level 3 spell: Teleport Other
  4640 | D:3      | Noticed Natasha
  4649 | D:3      | Killed Natasha
  5247 | D:3      | Noticed Natasha
  5264 | D:3      | Killed Natasha
  5301 | D:3      | Noticed Natasha
  5313 | D:3      | Killed Natasha
  5652 | D:4      | Reached skill level 1 in Axes
  5652 | D:4      | Reached XP level 6. HP: 11/50 MP: 8/8
  6088 | D:4      | Slain by a worker ant

Levels and vault maps discovered:
D:1:      dpeg_arrival_pond, layout_basic
D:2:      layout_rooms, lemuel_round_altar, first_ration
D:3:      layout_basic, minmay_misc_feat_ornament, uniq_ijyb, uniq_natasha
D:4:      layout_loops_cross, minmay_misc_feat_diagonals

Skill      XL: |  1  2  3  4  5 |
---------------+----------------+-----
Polearms       | 2 3 |  3.4
Armour         | 1 2 |  2.5
Slings         | 1 2 |  2.0
Translocations | 3 |  3.3
Axes           | 1 |  1.3
Fighting       | |  2.7
Throwing       | |  1.3
Dodging        | |  1.8
Spellcasting   | |  1.9

Action                   |  1- 3 |  4- 6 || total
-------------------------+-------+-------++-------
Melee: Spear             |    83 |     5 ||    88
       Kick              |     9 |    30 ||    39
       Hand axe          |       |   183 ||   183
 Fire: Hunting sling     |    47 |    43 ||    90
Throw: Boomerang         |       |    21 ||    21
       Stone             |       |     5 ||     5
 Cast: Shroud of Golubri |       |     1 ||     1
       Blink             |       |     1 ||     1
  Use: Scroll            |       |     6 ||     6
       Potion            |       |     3 ||     3
 Stab: Distracted        |       |     1 ||     1
  Eat: Chunk             |     1 |    10 ||    11
       Ration            |       |     1 ||     1
Armor: Ring mail         |    40 |    92 ||   132
Dodge: Dodged            |    47 |   111 ||   158
